[Event "Titled Tuesday Blitz June 13 Late 2023"]
[White "Arias Igual, Alejandro"]
[Black "Girsh, Daniel"]
[WhiteFideId "2254905"]
[BlackFideId "30949190"]
[WhiteElo "2179"]
[BlackElo "2075"]
[Result "0-1"]
[Round "7"]
[TimeControl "180+2"]
[Date "2023.06.13"]
[WhiteClock "0:00:04"]
[BlackClock "0:00:32"]
[Board "98"]

1. e4 c6 2. d4 d5 3. exd5 cxd5 4. Bd3 Nc6 5. c3 Qc7 6. h3 Nf6 7. Nf3 g6 8. O-O Bg7 9. Re1 O-O 10. Nbd2 Bf5 11. Be2 Ne4 12. Nh4 Rac8 13. Nxf5 gxf5 14. Nf3 Rfd8 15. Bf1 e5 16. dxe5 Nxe5 17. Nd4 Qb6 18. Qb3 Qg6 19. Bf4 Nc5 20. Qc2 Re8 21. Qxf5 Nf3+ 22. Kh1 Nxe1 23. Rxe1 Bxd4 24. Qxg6+ hxg6 25. Rxe8+ Rxe8 26. cxd4 Re1 27. Kg1 Nd3 28. Bd2 Rd1 29. Bc3 Nc1 30. f3 Ne2+ 31. Kf2 Nxc3 32. bxc3 Rc1 33. Ke3 Rxc3+ 34. Kf4 f6 35. Bb5 Kf7 36. h4 Ra3 37. g4 Rxa2 38. g5 fxg5+ 39. hxg5 a6 40. Bd3 Ra3 41. Bc2 Rc3 42. Bb1 a5 43. Ba2 Ke6 44. Bb1 Kf7 45. Ba2 a4 46. Bxd5+ Ke7 47. Bxb7 a3 48. Bd5 Rc2 49. Ke5 Re2+ 50. Kf4 Kd6 51. Bf7 a2 52. Bxa2 Rxa2 53. Ke3 Kd5 0-1


[Site "https://www.chess.com"]

[Event "Titled Tuesday Blitz June 13 Late 2023"]
[White "Estrada Nieto, Julian"]
[Black "The_Straightforward_Rook"]
[WhiteFideId "5101018"]
[WhiteElo "2161"]
[BlackElo "2371"]
[Result "1-0"]
[Round "7"]
[TimeControl "180+2"]
[Date "2023.06.13"]
[WhiteClock "0:00:21"]
[BlackClock "0:01:01"]
[Board "99"]

1. e4 c5 2. Nf3 Nc6 3. Bb5 e6 4. O-O Nge7 5. Re1 a6 6. Bxc6 Nxc6 7. d4 cxd4 8. Nxd4 Qc7 9. Nc3 Be7 10. Nxc6 dxc6 11. e5 O-O 12. Qg4 Kh8 13. Qh5 g6 14. Qh6 Re8 15. Bg5 Bxg5 16. Qxg5 Qe7 17. Qxe7 Rxe7 18. Rad1 Rd7 19. Ne4 b6 20. Nf6 Raa7 21. Nxd7 Bxd7 22. Rd6 Kg8 23. Red1 Be8 24. f4 Kf8 25. Kf2 Ke7 26. Ke3 Bd7 27. g4 b5 28. Kd4 a5 29. Kc5 Rb7 30. b3 b4 31. Rxd7+ Rxd7 32. Rxd7+ Kxd7 33. Kb6 h6 34. h4 f6 35. exf6 g5 36. fxg5 hxg5 37. hxg5 e5 38. Kc5 Ke6 39. Kc4 1-0


[Site "https://www.chess.com"]

[Event "Titled Tuesday Blitz June 13 Late 2023"]
[White "kiwibobo"]
[Black "Rios Escobar, Adan"]
[BlackFideId "3403645"]
[WhiteElo "2315"]
[BlackElo "2493"]
[Result "0-1"]
[Round "7"]
[TimeControl "180+2"]
[Date "2023.06.13"]
[WhiteClock "0:00:14"]
[BlackClock "0:00:09"]
[Board "100"]

1. e4 c5 2. Nf3 d6 3. d4 cxd4 4. Nxd4 Nf6 5. Nc3 a6 6. Be2 e5 7. Nb3 Be6 8. f4 Be7 9. f5 Bd7 10. Bg5 Bc6 11. Bxf6 Bxf6 12. Nd5 Nd7 13. Qd3 Rc8 14. O-O-O Bg5+ 15. Kb1 Nc5 16. Nxc5 dxc5 17. Qc3 O-O 18. h4 Bh6 19. g4 g6 20. g5 Bxd5 21. Rxd5 Qe7 22. gxh6 Rfe8 23. fxg6 hxg6 24. h5 b5 25. hxg6 fxg6 26. Qg3 Kh7 27. Qg4 Rc7 28. Rhd1 Qf6 29. Rd7+ Re7 30. Rxc7 Rxc7 31. Rf1 Qd6 32. Qg5 Qe7 33. Qxe7+ Rxe7 34. Rf6 Kxh6 35. Rxa6 b4 36. a3 bxa3 37. bxa3 Kg5 38. Rc6 Kf4 39. Rxg6 Kxe4 40. Kb2 Kd4 41. Rd6+ Ke3 42. a4 Kxe2 43. a5 Ra7 44. a6 e4 45. Kc3 e3 46. Kc4 Kf2 47. Kb5 e2 48. Rf6+ Kg2 49. Re6 Kf2 50. Rxe2+ Kxe2 51. Kb6 Ra8 52. a7 c4 53. Kb7 Rxa7+ 54. Kxa7 Kd2 55. Kb6 Kxc2 56. Kc5 c3 0-1


[Site "https://www.chess.com"]

[Event "Titled Tuesday Blitz June 13 Late 2023"]
[White "Elaisaz"]
[Black "whiteglovethief"]
[WhiteElo "2256"]
[BlackElo "2487"]
[Result "1-0"]
[Round "7"]
[TimeControl "180+2"]
[Date "2023.06.13"]
[WhiteClock "0:00:04"]
[BlackClock "0:00:00"]
[Board "101"]

1. d4 Nf6 2. Bf4 g6 3. Nc3 Bg7 4. e4 d6 5. Nf3 c6 6. Kd2 O-O 7. Qe2 b5 8. Rd1 b4 9. Nb1 Ba6 10. Qe1 e5 11. Bg5 Qa5 12. Kc1 Bxf1 13. Rxf1 Na6 14. a3 Rab8 15. dxe5 dxe5 16. Rd6 Rfd8 17. Rxf6 bxa3 18. Nxa3 Qb6 19. Qc3 Nb4 20. Kb1 Qa6 21. Re1 h6 22. Rxg6 hxg5 23. Rxg5 f6 24. Rg3 Qe2 25. Qxb4 Rd1+ 26. Ka2 Rxe1 27. Qxb8+ Kf7 28. Nxe1 Bf8 29. Qc7+ Be7 30. Rg7+ Kxg7 31. Qxe7+ Kg6 32. Nf3 Qxf2 33. h4 Qxg2 34. h5+ Kxh5 35. Qh7+ Kg4 36. Ne1 Qd2 37. Qg6+ Kh3 38. Qxf6 Qxe1 39. Qxe5 Kg2 40. Qe6 Qd2 41. Qxc6 Kg1 42. Qc4 a5 43. Nb5 Kh1 44. Qd4 1-0


[Site "https://www.chess.com"]

[Event "Titled Tuesday Blitz June 13 Late 2023"]
[White "Rottenwohrer Suarez, Juan"]
[Black "Bernado Lopez, Roger"]
[WhiteFideId "32068182"]
[BlackFideId "24585009"]
[WhiteElo "2174"]
[BlackElo "2097"]
[Result "1-0"]
[Round "7"]
[TimeControl "180+2"]
[Date "2023.06.13"]
[WhiteClock "0:00:02"]
[BlackClock "0:00:02"]
[Board "102"]

1. d4 d5 2. c4 e6 3. Nc3 Nf6 4. cxd5 exd5 5. Bg5 c6 6. Qc2 h6 7. Bh4 Be7 8. e3 O-O 9. Bd3 Re8 10. Nge2 Nbd7 11. O-O a5 12. h3 Nf8 13. f3 Ne6 14. Bf2 c5 15. Rad1 c4 16. Bf5 Bd7 17. e4 Nc7 18. e5 Bxf5 19. Qxf5 Nh7 20. f4 b5 21. Ng3 b4 22. Nce2 Nf8 23. Qg4 Bh4 24. Nf5 Bxf2+ 25. Rxf2 Ng6 26. Nd6 Qh4 27. f5 Qxg4 28. hxg4 Ne7 29. Nxe8 Nxe8 30. Nf4 Rc8 31. Nh5 Rc6 32. f6 gxf6 33. Nxf6+ Nxf6 34. Rxf6 Rxf6 35. exf6 Nc6 36. Kf2 Kh7 37. Ke3 Kg6 38. Rh1 a4 39. Rh5 c3 40. bxc3 b3 41. axb3 axb3 42. Rxd5 Nb4 43. Rb5 Nc2+ 44. Kd2 Kxf6 45. Rxb3 Na1 1-0


[Site "https://www.chess.com"]

[Event "Titled Tuesday Blitz June 13 Late 2023"]
[White "Petersson, Kjell"]
[Black "Uzcategui Rodriguez, Alejandro"]
[WhiteFideId "1705148"]
[BlackFideId "3903400"]
[WhiteElo "2005"]
[BlackElo "2252"]
[Result "0-1"]
[Round "7"]
[TimeControl "180+2"]
[Date "2023.06.13"]
[WhiteClock "0:00:00"]
[BlackClock "0:00:29"]
[Board "103"]

1. d4 Nf6 2. Bf4 d6 3. Nc3 Nbd7 4. Nf3 c6 5. e4 Qa5 6. Qd2 e5 7. Be3 Be7 8. Bd3 b5 9. O-O b4 10. Ne2 c5 11. dxe5 dxe5 12. a3 Qc7 13. Ng3 Nb6 14. b3 O-O 15. axb4 cxb4 16. Ra5 Nc4 17. Bxc4 Qxa5 18. Nf5 Bxf5 19. exf5 Rfd8 20. Qe2 Rac8 21. Ng5 Rf8 22. h4 e4 23. h5 Qxf5 24. Nh3 Qxh5 25. Qd2 Ng4 26. Bxa7 Ne5 27. Be2 Nf3+ 28. Bxf3 exf3 29. Nf4 Qg4 30. g3 Bg5 31. Ra1 Bxf4 32. Qxf4 Qxf4 33. gxf4 Rxc2 34. Bd4 f6 35. Ra4 Rb8 36. Kh2 Rd2 0-1


[Site "https://www.chess.com"]

[Event "Titled Tuesday Blitz June 13 Late 2023"]
[White "Lopez Perdomo, Juan David"]
[Black "Camilla_Lee"]
[WhiteFideId "4405137"]
[WhiteElo "1965"]
[BlackElo "2538"]
[Result "0-1"]
[Round "7"]
[TimeControl "180+2"]
[Date "2023.06.13"]
[WhiteClock "0:00:00"]
[BlackClock "0:00:10"]
[Board "104"]

1. d4 Nf6 2. c4 g6 3. e3 Bg7 4. Bd3 O-O 5. Ne2 d5 6. cxd5 Nxd5 7. a3 c5 8. dxc5 Qa5+ 9. Nd2 Rd8 10. Qc2 Nd7 11. O-O Qxc5 12. Qb1 Ne5 13. Bc2 Nxe3 14. fxe3 Qxe3+ 15. Rf2 Rxd2 16. Bxd2 Qxd2 17. Nf4 Qd4 18. Ne2 Qb6 19. Kf1 Bg4 20. Ng3 Nc4 21. Qc1 Bxb2 22. Qd1 Bxd1 23. Rxd1 Ne3+ 0-1


[Site "https://www.chess.com"]

[Event "Titled Tuesday Blitz June 13 Late 2023"]
[White "Kim, Sergey"]
[Black "Przybylski, Wojciech"]
[WhiteFideId "13700570"]
[BlackFideId "1117599"]
[WhiteElo "2534"]
[BlackElo "2228"]
[Result "1-0"]
[Round "7"]
[TimeControl "180+2"]
[Date "2023.06.13"]
[WhiteClock "0:01:02"]
[BlackClock "0:00:00"]
[Board "105"]

1. d4 Nf6 2. c4 c6 3. Nf3 d5 4. Qc2 Bg4 5. Nbd2 e6 6. e3 Nbd7 7. Bd3 Bd6 8. O-O O-O 9. b3 a5 10. Bb2 a4 11. Ne5 Bh5 12. f4 a3 13. Bc3 b5 14. c5 Bxe5 15. fxe5 Ne4 16. Nxe4 dxe4 17. Bxe4 Bg6 18. Bxg6 hxg6 19. Rf4 Qg5 20. Raf1 Nb8 21. Qe4 Ra7 22. Be1 Rd7 23. Bb4 Rc7 24. R1f2 Ra7 25. Rg4 Qh5 26. Be1 Rc7 27. Rgf4 Re8 28. g4 Qh4 29. Rf1 Qd8 30. Qf3 Qe7 31. h4 Rf8 32. g5 Na6 33. Qg4 Nxc5 34. Bb4 Qd7 35. Bxc5 Ra8 36. h5 gxh5 37. Qxh5 g6 38. Qh6 1-0


[Site "https://www.chess.com"]

[Event "Titled Tuesday Blitz June 13 Late 2023"]
[White "Diaz Rosas, Julio Cesar"]
[Black "Yang, Kevin"]
[WhiteFideId "5105099"]
[BlackFideId "30908485"]
[WhiteElo "2284"]
[BlackElo "2055"]
[Result "1-0"]
[Round "7"]
[TimeControl "180+2"]
[Date "2023.06.13"]
[WhiteClock "0:00:53"]
[BlackClock "0:00:00"]
[Board "106"]

1. e4 e6 2. d4 a6 3. Bd3 d5 4. e5 c5 5. c3 Nc6 6. Nf3 Nge7 7. O-O Ng6 8. Re1 Be7 9. g3 b6 10. h4 O-O 11. h5 Nh8 12. a3 f6 13. Bf4 Nf7 14. Bc2 f5 15. Nh2 Bg5 16. Be3 Bxe3 17. Rxe3 Ng5 18. Nd2 cxd4 19. cxd4 f4 20. gxf4 Rxf4 21. Rg3 Nf7 22. Ndf3 Ne7 23. Qd2 Re4 24. Ng5 Nxg5 25. Qxg5 Qf8 26. Bxe4 dxe4 27. Ng4 Kh8 28. h6 g6 29. Rc1 Nf5 30. Rc7 Nxd4 31. Qf6+ Qxf6 32. Nxf6 1-0


[Site "https://www.chess.com"]

[Event "Titled Tuesday Blitz June 13 Late 2023"]
[White "Gasparyan, David"]
[Black "Martins, Vinicius Tine"]
[WhiteFideId "13311980"]
[BlackFideId "2112884"]
[WhiteElo "2430"]
[BlackElo "2373"]
[Result "1/2-1/2"]
[Round "7"]
[TimeControl "180+2"]
[Date "2023.06.13"]
[WhiteClock "0:00:07"]
[BlackClock "0:00:19"]
[Board "107"]

1. Nf3 d5 2. g3 g6 3. Bg2 Bg7 4. d4 c6 5. O-O Nd7 6. Bf4 Ngf6 7. Ne5 O-O 8. Nd2 Nxe5 9. Bxe5 Nd7 10. Bxg7 Kxg7 11. c4 dxc4 12. Nxc4 Nb6 13. Ne3 Be6 14. Qd3 Qd6 15. Rfd1 Rfd8 16. Rac1 Rd7 17. Qc3 f6 18. Qa5 Nd5 19. Nc4 Qc7 20. a3 Qxa5 21. Nxa5 Nb6 22. e3 Rad8 23. Rd3 Bf5 24. Rb3 e5 25. e4 Be6 26. d5 cxd5 27. exd5 Bxd5 28. Bxd5 Rxd5 29. Nxb7 R8d7 30. Nc5 Re7 31. Na6 Rd2 32. Kf1 e4 33. Ke1 Rd8 34. Rbc3 Nd5 35. Rc8 Rd6 36. R1c6 Rxc6 37. Rxc6 e3 38. fxe3 Nxe3 39. Kf2 Nd1+ 40. Kf3 Nxb2 41. Rc7 Rxc7 42. Nxc7 Nc4 43. Nb5 a6 44. Nc7 Nxa3 45. Nxa6 Nc4 46. Nc5 Ne5+ 47. Kg2 h5 48. Ne6+ Kf7 49. Nd4 Ke7 50. h3 Kd6 51. Kf2 Kd5 52. Nc2 Ke4 53. Na3 Kd3 54. Nb5 f5 55. Nc7 Kd4 56. Ne6+ Kd5 57. Nf4+ Kd6 58. Ne2 Ke6 59. Nd4+ Kf6 60. Ne2 g5 61. Ke3 Ng6 62. Nd4 h4 63. gxh4 Nxh4 64. Ne2 Ng6 65. Nd4 Ke5 66. Nc6+ Ke6 67. Nd4+ Kf6 68. Nc6 Nf4 69. h4 Ng2+ 70. Kf3 Nxh4+ 71. Kg3 Ng6 72. Nd4 Ne5 73. Ne2 f4+ 74. Nxf4 Kf5 75. Ne2 g4 76. Nd4+ Kg5 77. Ne6+ Kf5 78. Nd4+ Ke4 79. Ne2 Ke3 80. Nf4 Ke4 81. Ne2 Kf5 82. Nd4+ 1/2-1/2


[Site "https://www.chess.com"]

[Event "Titled Tuesday Blitz June 13 Late 2023"]
[White "KorolDimitriy75"]
[Black "angelgab3"]
[WhiteElo "2417"]
[BlackElo "2510"]
[Result "0-1"]
[Round "7"]
[TimeControl "180+2"]
[Date "2023.06.13"]
[WhiteClock "0:00:00"]
[BlackClock "0:01:20"]
[Board "108"]

1. d4 Nf6 2. c4 e6 3. Nc3 d5 4. Bg5 Be7 5. cxd5 exd5 6. e3 c6 7. Bd3 h6 8. Bh4 O-O 9. Qc2 Re8 10. Nge2 a5 11. f3 Na6 12. a3 Nc7 13. O-O Ne6 14. Rad1 b5 15. h3 Bd7 16. e4 b4 17. axb4 axb4 18. Nb1 c5 19. e5 c4 20. Bf5 Nh5 21. Bxe7 Qxe7 22. f4 Ba4 23. Qd2 Bxd1 24. Qxd1 Qh4 25. Qd2 Ra1 26. Kh2 g6 27. g3 Qe7 28. Bxe6 fxe6 29. g4 Ng7 30. Ng3 Rf8 0-1


[Site "https://www.chess.com"]

[Event "Titled Tuesday Blitz June 13 Late 2023"]
[White "Prydun, Andriy"]
[Black "Jakic, Ivan"]
[WhiteFideId "14145898"]
[BlackFideId "14504901"]
[WhiteElo "2164"]
[BlackElo "2365"]
[Result "1-0"]
[Round "7"]
[TimeControl "180+2"]
[Date "2023.06.13"]
[WhiteClock "0:00:10"]
[BlackClock "0:00:02"]
[Board "109"]

1. e4 c5 2. Nf3 d6 3. c3 Nf6 4. h3 g6 5. Bd3 Bg7 6. O-O O-O 7. Bc2 e5 8. d3 Nc6 9. Nbd2 d5 10. Qe2 Re8 11. Re1 h6 12. a3 Be6 13. exd5 Nxd5 14. Ne4 b6 15. Bd2 f5 16. Ng3 Bf7 17. Qf1 Qd7 18. Rad1 Rad8 19. Bc1 Kh7 20. Ba4 a6 21. h4 b5 22. Bc2 Nf4 23. Bxf4 exf4 24. Ne2 Qd6 25. h5 g5 26. d4 Bxh5 27. Bxf5+ Kh8 28. dxc5 Qxc5 29. Rxd8 Rxd8 30. Bb1 Bxf3 31. gxf3 Rd2 32. Qh3 Ne5 33. Be4 g4 34. fxg4 f3 35. Nd4 Nf7 36. Qxf3 Bxd4 37. Qxf7 Bxf2+ 38. Kh1 Rd7 39. Qxd7 Kg8 40. Qe8+ Kg7 41. Rf1 Qe3 42. Qg6+ Kf8 43. Qf6+ Ke8 44. Bc6# 1-0


[Site "https://www.chess.com"]

[Event "Titled Tuesday Blitz June 13 Late 2023"]
[White "Seletsky, Grigory"]
[Black "Ronka, Erik"]
[WhiteFideId "14112191"]
[BlackFideId "505080"]
[WhiteElo "2491"]
[BlackElo "2264"]
[Result "1-0"]
[Round "7"]
[TimeControl "180+2"]
[Date "2023.06.13"]
[WhiteClock "0:02:07"]
[BlackClock "0:00:32"]
[Board "110"]

1. e4 g6 2. d4 Bg7 3. Nc3 c6 4. h3 d6 5. Nf3 Nf6 6. Be3 O-O 7. Bd3 Nbd7 8. O-O e5 9. dxe5 dxe5 10. a4 b6 11. Qc1 Qc7 12. Rd1 a6 13. Ne2 b5 14. Ng3 Bb7 15. Bh6 Rfe8 16. Qg5 Qd8 17. Be2 Qe7 18. Bxg7 1-0


[Site "https://www.chess.com"]

[Event "Titled Tuesday Blitz June 13 Late 2023"]
[White "Zavortink, Matt"]
[Black "Melikhov, Evgeny V."]
[WhiteFideId "2034263"]
[BlackFideId "4122046"]
[WhiteElo "2473"]
[BlackElo "2158"]
[Result "1/2-1/2"]
[Round "7"]
[TimeControl "180+2"]
[Date "2023.06.13"]
[WhiteClock "0:00:07"]
[BlackClock "0:00:29"]
[Board "111"]

1. d4 Nf6 2. Bf4 d5 3. e3 e6 4. Nf3 Bd6 5. Ne5 O-O 6. Bd3 c5 7. c3 Qc7 8. Bg3 Nbd7 9. f4 cxd4 10. exd4 Ne4 11. Nd2 f5 12. Bh4 Ndf6 13. O-O Nxd2 14. Qxd2 Ne4 15. Qe2 Bxe5 16. fxe5 Bd7 17. g4 fxg4 18. Qxg4 Rxf1+ 19. Rxf1 Rf8 20. Rxf8+ Kxf8 21. Bxe4 dxe4 22. Qxe4 Kg8 23. d5 Qc5+ 24. Qd4 Qxd5 25. Qxd5 exd5 26. Kf2 Kf7 27. Ke3 Ke6 28. Kd4 h6 29. Be1 g5 30. Bd2 Bc6 31. b3 Kf5 32. Be1 h5 33. a4 h4 34. b4 a6 35. b5 axb5 36. axb5 Bxb5 37. Kxd5 Ba4 38. c4 Bb3 39. e6 b5 40. e7 Bxc4+ 41. Kc5 Bf7 42. Kxb5 Ke6 43. Bb4 g4 44. Be1 g3 45. Bxg3 hxg3 46. hxg3 Kxe7 47. Kc5 Kf6 48. Kd4 Kg5 49. Ke3 Kg4 50. Ke2 Kxg3 1/2-1/2


[Site "https://www.chess.com"]

[Event "Titled Tuesday Blitz June 13 Late 2023"]
[White "Burdalev, Kirill"]
[Black "Krishnakumar, Sriram"]
[WhiteFideId "14121913"]
[BlackFideId "30915856"]
[WhiteElo "2236"]
[BlackElo "2472"]
[Result "1-0"]
[Round "7"]
[TimeControl "180+2"]
[Date "2023.06.13"]
[WhiteClock "0:00:14"]
[BlackClock "0:01:00"]
[Board "112"]

1. e4 e5 2. Nf3 Nc6 3. d4 exd4 4. Nxd4 Nf6 5. Nxc6 bxc6 6. e5 Qe7 7. Qe2 Nd5 8. h4 d6 9. c4 Nb6 10. f4 dxe5 11. fxe5 Qe6 12. Nc3 Bb4 13. Bd2 Ba6 14. b3 O-O-O 15. O-O-O Qg6 16. Kb2 Rhe8 17. Rh3 f6 18. e6 f5 19. Re3 f4 20. Re5 Re7 21. Bxf4 Bxc3+ 22. Kxc3 Rxd1 23. Qxd1 Qf6 24. Qd4 Rxe6 25. Rxe6 Qxe6 26. Bd3 Qe1+ 27. Kb2 g6 28. Qe5 Qxe5+ 29. Bxe5 Nd7 30. Bg7 c5 31. g4 Bb7 32. h5 Bf3 33. Bxg6 hxg6 34. h6 Ne5 35. Bxe5 Bxg4 36. h7 Kb7 37. h8=Q Bd7 38. Qd8 Bc6 39. Qxc7+ Ka6 40. Qxc6+ Ka5 41. Qb5# 1-0


[Site "https://www.chess.com"]

[Event "Titled Tuesday Blitz June 13 Late 2023"]
[White "Kornyukov, Alexey"]
[Black "Ladan, Nicholas"]
[WhiteFideId "4150457"]
[BlackFideId "30918855"]
[WhiteElo "2352"]
[BlackElo "2167"]
[Result "1-0"]
[Round "7"]
[TimeControl "180+2"]
[Date "2023.06.13"]
[WhiteClock "0:00:20"]
[BlackClock "0:00:01"]
[Board "113"]

1. d4 b6 2. c4 Bb7 3. Nc3 f5 4. d5 Nf6 5. Bf4 g6 6. g3 Bg7 7. Bg2 O-O 8. Nf3 a6 9. a4 c5 10. O-O d6 11. Ng5 Bc8 12. Qd3 h6 13. Ne6 Bxe6 14. dxe6 Ra7 15. e4 fxe4 16. Nxe4 Qc7 17. Nc3 g5 18. Be3 Nc6 19. f4 Nb4 20. Qg6 g4 21. f5 Kh8 22. Bxh6 Rg8 23. Bxg7+ Rxg7 24. Qh6+ Kg8 25. Rad1 Nc2 26. Nd5 Nxd5 27. Bxd5 Nd4 28. f6 exf6 29. e7+ Rf7 30. e8=Q# 1-0


[Site "https://www.chess.com"]

[Event "Titled Tuesday Blitz June 13 Late 2023"]
[White "DampFalcon"]
[Black "Castella Garcia, Fausto"]
[BlackFideId "3501922"]
[WhiteElo "2136"]
[BlackElo "2245"]
[Result "1-0"]
[Round "7"]
[TimeControl "180+2"]
[Date "2023.06.13"]
[WhiteClock "0:00:36"]
[BlackClock "0:00:07"]
[Board "114"]

1. e4 c5 2. Nf3 Nf6 3. e5 Nd5 4. c4 Nb4 5. a3 N4c6 6. Nc3 e6 7. d3 a6 8. Bg5 Qc7 9. Bf4 f6 10. Bg3 f5 11. Ng5 g6 12. f4 h6 13. Nf3 Nd4 14. Nxd4 cxd4 15. Ne2 Nc6 16. Bf2 Qa5+ 17. Qd2 Bb4 18. axb4 Qxa1+ 19. Nc1 b5 20. Be2 Bb7 21. O-O Qa4 22. Be1 bxc4 23. dxc4 O-O 24. Bd1 Qa1 25. Nb3 Qb1 26. Bf3 d3 27. Nc5 Rab8 28. Nxd7 Nd4 29. Bxb7 Rxb7 30. Nxf8 Ne2+ 31. Kf2 Kxf8 32. c5 Qc2 33. Qxc2 dxc2 34. Bd2 Nd4 35. Rc1 a5 36. Ke3 Rd7 37. Bc3 Nb3 38. Rxc2 axb4 39. Bxb4 Nd4 40. c6+ 1-0


[Site "https://www.chess.com"]

[Event "Titled Tuesday Blitz June 13 Late 2023"]
[White "Zherebtsova, Alexandra"]
[Black "Sadovsky, Artem"]
[WhiteFideId "24129518"]
[BlackFideId "4155840"]
[WhiteElo "2055"]
[BlackElo "2314"]
[Result "0-1"]
[Round "7"]
[TimeControl "180+2"]
[Date "2023.06.13"]
[WhiteClock "0:00:01"]
[BlackClock "0:00:15"]
[Board "116"]

1. d4 g6 2. c4 Bg7 3. Nc3 d6 4. e4 e5 5. d5 f5 6. f4 exf4 7. Bxf4 Nf6 8. exf5 Bxf5 9. Bd3 Bxd3 10. Qxd3 O-O 11. O-O-O Ng4 12. Nh3 Nd7 13. Qg3 Nde5 14. Ng5 Bh6 15. Ne6 Rxf4 16. Nxf4 Qf6 17. Rhf1 Rf8 18. Ne2 Nxc4 19. Qb3 Nge3 20. g3 Nxf1 21. Rxf1 Nb6 22. Rd1 Qe5 23. Qc2 Nxd5 24. Kb1 Ne3 25. Qb3+ Kh8 26. Rd3 Nf5 27. Qxb7 Bxf4 28. Nxf4 Qe1+ 29. Kc2 Qf2+ 30. Kb3 Nd4+ 31. Ka3 Nc2+ 32. Kb3 Na1+ 33. Ka3 Qc5+ 34. b4 Qc4 35. Qd5 Nc2+ 36. Ka4 Qxb4# 0-1


[Site "https://www.chess.com"]

[Event "Titled Tuesday Blitz June 13 Late 2023"]
[White "Szente Varga, Fruzsina"]
[Black "brm72"]
[WhiteFideId "712264"]
[WhiteElo "1994"]
[BlackElo "2508"]
[Result "1-0"]
[Round "7"]
[TimeControl "180+2"]
[Date "2023.06.13"]
[WhiteClock "0:02:22"]
[BlackClock "0:02:19"]
[Board "117"]

1. e4 c6 2. d4 d5 3. exd5 cxd5 4. Bd3 Nc6 5. c3 Qc7 6. Ne2 Bg4 7. h3 Bh5 8. Qc2 Rc8 9. Bf4 Qb6 10. a3 Nf6 11. Qd2 e6 12. Ng3 Bg6 13. Bxg6 hxg6 14. O-O Na5 15. Qe2 Nb3 16. Ra2 Bd6 17. Bxd6 Qxd6 18. Qb5+ Kf8 19. Qxb3 g5 20. Qb4 1-0


[Site "https://www.chess.com"]

[Event "Titled Tuesday Blitz June 13 Late 2023"]
[White "Zhou, Qiyu"]
[Black "Golubev, Mikhail"]
[WhiteFideId "505161"]
[BlackFideId "14100983"]
[WhiteElo "2101"]
[BlackElo "2374"]
[Result "1-0"]
[Round "7"]
[TimeControl "180+2"]
[Date "2023.06.13"]
[WhiteClock "0:00:07"]
[BlackClock "0:00:00"]
[Board "118"]

1. e4 c5 2. Nf3 d6 3. d4 cxd4 4. Nxd4 Nf6 5. Nc3 g6 6. Be3 Bg7 7. f3 Nc6 8. Qd2 O-O 9. O-O-O d5 10. Qe1 e5 11. Nxc6 bxc6 12. exd5 Nxd5 13. Bc4 Be6 14. Ne4 Qc7 15. Bc5 Rfd8 16. Kb1 h6 17. g4 f5 18. gxf5 gxf5 19. Nc3 Qf7 20. Bb3 Kh7 21. Rg1 Nf4 22. Qg3 Bxb3 23. axb3 Ne6 24. Bd6 Qf6 25. Rge1 e4 26. fxe4 fxe4 27. Rxe4 Rd7 28. Be5 Rxd1+ 29. Nxd1 Qf5 30. Re1 Rg8 31. Bxg7 Rxg7 32. Qe3 Nf4 33. Rf1 Rg2 34. Qxf4 Qxc2+ 35. Ka2 Rg7 36. Qf5+ Qxf5 37. Rxf5 Rg4 38. Rf7+ Kg6 39. Rf2 Rh4 40. Ne3 Kg5 41. Nc4 Rh3 42. Ne5 Kh5 43. Nxc6 Re3 44. Nxa7 1-0


[Site "https://www.chess.com"]

[Event "Titled Tuesday Blitz June 13 Late 2023"]
[White "Srdanovic, Jovana"]
[Black "Omariev, Maksim"]
[WhiteFideId "954810"]
[BlackFideId "4193423"]
[WhiteElo "2155"]
[BlackElo "2343"]
[Result "0-1"]
[Round "7"]
[TimeControl "180+2"]
[Date "2023.06.13"]
[WhiteClock "0:00:04"]
[BlackClock "0:00:03"]
[Board "119"]

1. d4 d5 2. c4 e6 3. Nc3 Nf6 4. Bg5 Be7 5. e3 h6 6. Bh4 O-O 7. Rc1 b6 8. Nf3 Bb7 9. Bxf6 Bxf6 10. cxd5 exd5 11. b4 a6 12. Bd3 Nc6 13. Qb3 Ne7 14. O-O Nc8 15. a4 c6 16. Ne2 b5 17. Ne5 Bxe5 18. dxe5 Nb6 19. axb5 axb5 20. Nd4 Nc4 21. Rfd1 Qe7 22. f4 Nxe3 23. Bb1 Nxd1 24. Rxd1 Ra6 25. Qc2 g6 26. f5 Qxe5 27. fxg6 Bc8 28. Nf3 Qe4 29. Qd2 Qg4 30. Qxh6 fxg6 31. Bxg6 Rxf3 32. Qh7+ Kf8 33. Qh8+ Ke7 34. Re1+ Be6 35. Qg7+ Kd6 36. Qe5+ Kd7 37. Qg7+ Rf7 38. Qh6 Re7 39. Bd3 Ra2 40. Qh3 Qxh3 41. gxh3 Bxh3 42. Kh1 Rxe1+ 43. Bf1 Rxf1# 0-1


[Site "https://www.chess.com"]

[Event "Titled Tuesday Blitz June 13 Late 2023"]
[White "Sairam, Pranav"]
[Black "Toniutti, Ezio"]
[WhiteFideId "30951330"]
[BlackFideId "113034"]
[WhiteElo "1918"]
[BlackElo "2215"]
[Result "0-1"]
[Round "7"]
[TimeControl "180+2"]
[Date "2023.06.13"]
[WhiteClock "0:00:00"]
[BlackClock "0:01:18"]
[Board "120"]

1. e4 e5 2. Nf3 Nc6 3. Bb5 a6 4. Bxc6 dxc6 5. Nc3 f6 6. d4 exd4 7. Qxd4 Qxd4 8. Nxd4 Bd7 9. Be3 O-O-O 10. O-O-O Bb4 11. Nde2 Ne7 12. a3 Bd6 13. Bf4 Be6 14. Bxd6 cxd6 15. Nf4 Bf7 16. h4 Kc7 17. h5 Nc8 18. h6 g6 19. Rd3 Rhe8 20. Rf3 Rf8 21. Nd3 Be6 22. Ne2 b5 23. Nef4 Bd7 24. b4 Rde8 25. Re3 Nb6 26. Nb2 f5 27. Rhe1 fxe4 28. Rxe4 Rxe4 29. Rxe4 Rf7 30. Nbd3 Nc4 31. a4 d5 32. Rd4 bxa4 33. Nc5 a3 34. Nxa6+ Kd6 35. Nd3 a2 0-1


[Site "https://www.chess.com"]

[Event "Titled Tuesday Blitz June 13 Late 2023"]
[White "Slovineanu, Viacheslav"]
[Black "Ai, Evan"]
[WhiteFideId "13900510"]
[BlackFideId "2094770"]
[WhiteElo "2312"]
[BlackElo "1963"]
[Result "0-1"]
[Round "7"]
[TimeControl "180+2"]
[Date "2023.06.13"]
[WhiteClock "0:00:00"]
[BlackClock "0:00:08"]
[Board "121"]

1. d4 Nf6 2. Nf3 e6 3. c4 b6 4. e3 Bb7 5. Bd3 Be7 6. O-O O-O 7. b3 d5 8. Bb2 dxc4 9. bxc4 Nbd7 10. Nc3 c5 11. Qe2 a6 12. Rad1 Qc7 13. d5 exd5 14. Nxd5 Bxd5 15. cxd5 Bd6 16. e4 Rfe8 17. a4 c4 18. Bb1 b5 19. axb5 axb5 20. Rfe1 c3 21. Bc1 b4 22. Qc2 Ne5 23. Nd4 Reb8 24. f4 Nc4 25. e5 Nxe5 26. fxe5 Bxe5 27. Kh1 Bxd4 28. Rxd4 b3 29. Qd3 c2 30. Bxc2 bxc2 31. d6 Qa5 32. Rf1 Qe5 33. d7 Rd8 34. Bf4 Qc5 35. Rc4 Qe7 36. Qxc2 Qxd7 37. Bg5 Nd5 38. Bxd8 Rxd8 39. Rd4 Qe6 40. Rfd1 Re8 41. Qd2 Ne3 42. Rd8 Nxd1 43. Rxe8+ Qxe8 44. Qxd1 g6 45. h3 h5 46. Qf3 Qe6 47. Kg1 Kh7 48. Kh2 Qd6+ 49. Kg1 Qe6 50. Kh2 f6 51. Kg1 Kh6 52. Kh2 g5 53. Qa8 Qe5+ 54. Kh1 Qe1+ 55. Kh2 h4 56. Qh8+ Kg6 57. Qg8+ Kf5 58. Qc8+ Qe6 59. Qc2+ Qe4 60. Qc8+ Kf4 61. Qc7+ Qe5 62. Qc4+ Ke3+ 63. Kh1 Qa1+ 64. Kh2 Qd4 0-1


[Site "https://www.chess.com"]

[Event "Titled Tuesday Blitz June 13 Late 2023"]
[White "Korpics, Zsolt"]
[Black "SergioMoralesG"]
[WhiteFideId "705241"]
[WhiteElo "2331"]
[BlackElo "2448"]
[Result "1-0"]
[Round "7"]
[TimeControl "180+2"]
[Date "2023.06.13"]
[WhiteClock "0:01:51"]
[BlackClock "0:01:24"]
[Board "122"]

1. e4 e5 2. Nf3 Nf6 3. Nxe5 d6 4. Nf3 Nxe4 5. Nc3 Nxc3 6. dxc3 Be7 7. Be3 O-O 8. Qd2 Bf5 9. O-O-O Nd7 10. h4 Nf6 11. Nd4 Bd7 12. f3 a6 13. g4 c5 14. Nf5 Bxf5 15. gxf5 Qc8 16. Bh3 b5 17. Rhg1 Kh8 18. Qg2 Nh5 19. f6 1-0


[Site "https://www.chess.com"]